 Dungeon Crawl Stone Soup version 0.29-a0-350-g7790a0e70a (webtiles) character file.

Game seed: 3021355178745974556

1329 zishaf the Covert (level 8, -6/40 (44) HPs)
             Began as a Vine Stalker Brigand on Apr 22, 2022.
             Mangled by a wight
             ... wielding a +0 great sword of protection
              (11 damage)
             ... on level 5 of the Dungeon.
             The game lasted 00:08:55 (3829 turns).

zishaf the Covert (Vine Stalker Brigand)            Turns: 3829, Time: 00:08:56

HP:   -6/40 (44)    AC:  9    Str: 13    XL:     8   Next: 60%
MP:   0/9           EV: 10    Int: 11    God:
Gold: 161           SH:  0    Dex: 19    Spells: 7/7 levels left

rFire   . . .      SeeInvis .   a - +2 dagger
rCold   . . .      Faith    .   (no shield)
rNeg    . . .      Spirit   +   t - +2 ring mail {Will+}
rPois   .          Reflect  .   (no helmet)
rElec   .          Harm     .   c - +0 cloak
rCorr   +          Rampage  .   w - +0 pair of gloves
Will    ++...                   (no boots)
Stlth   +++.......              (no amulet)
HPRegen 0.93/turn               p - ring of resist corrosion
MPRegen 0.11/turn               (no ring)

@: drained
A: fangs 3, regeneration 1, magic shield, antimagic bite, no potion heal 2
a: no special abilities


You were on level 5 of the Dungeon.
You visited 1 branch of the dungeon, and saw 5 of its levels.

You collected 161 gold pieces.

Inventory:

Hand Weapons
 a - a +2 dagger (weapon)
 o - a +2 falchion of holy wrath
Missiles
 d - 20 poisoned darts
 e - 2 curare-tipped darts
 g - 2 datura-tipped darts (quivered)
 h - a throwing net
Armour
 b - a +0 robe
 c - a +0 cloak (worn)
 t - a +2 ring mail of willpower (worn)
 w - a +0 pair of gloves (worn)
Jewellery
 p - a ring of resist corrosion (left hand)
Scrolls
 f - 3 scrolls of vulnerability {unknown}
 m - 3 scrolls of blinking {unknown}
 s - a scroll of magic mapping
 u - a scroll of torment {unknown}
 x - a scroll of identify
 y - a scroll of amnesia {unknown}
 A - a scroll of enchant armour {unknown}
Potions
 i - 4 potions of brilliance
 j - 3 potions of might
 k - a potion of mutation
 l - 2 potions of haste
 q - 3 potions of attraction {unknown}
 r - 7 potions of curing
 v - a potion of lignification {unknown}
 z - 2 potions of ambrosia {unknown}


   Skills:
 + Level 5.8 Fighting
 + Level 5.7 Short Blades
 - Level 3.0 Throwing
 - Level 0.7 Dodging
 - Level 8.0 Stealth


You had 7 spell levels left.
You didn't know any spells.
Your spell library contained the following spells:

 Spells                   Type           Power      Damage    Failure   Level
 Static Discharge         Conj/Air       0%         N/A       75%         2
 Lightning Bolt           Conj/Air       0%         1d11      100%        5
 Maxwell's Capacitive Co  Air            0%         ∞         100%        8


Dungeon Overview and Level Annotations

Branches:
Dungeon (5/15)
 Temple: D:4-7

Altars:
Cheibriados
Elyvilon
Hepliaklqana
Sif Muna
Trog
Vehumet
Wu Jian

Shops:
D:1 *


Innate Abilities, Weirdness & Mutations

You have razor-sharp teeth.
Your natural rate of healing is unusually fast.
When hurt, damage is shared between your health and your magic reserves.
Your bite disrupts and absorbs the magic of your enemies.
Potions cannot restore your health.


Message History

The water moccasin zombie bites you.
You open the door.
The water moccasin zombie bites you but does no damage.
The water moccasin zombie closely misses you.
Found an ornate altar of the Wu Jian Council.
The water moccasin zombie attacks as you move away!
The water moccasin zombie bites you but does no damage.
You hear the brisk hiss of a very distant avalanche of sand.
There is an open door here.
You hit the wight but do no damage.
The wight hits you with a +0 great sword of protection!
The wight hits you with a +0 hand axe.
You feel drained.
You hit the wight.
The wight is lightly damaged.
The wight hits you with a +0 great sword of protection!
You feel drained. The wight hits you with a +0 hand axe!
* * * LOW HITPOINT WARNING * * *
You feel drained.
The orc shouts!
You hit the wight but do no damage. You bite the wight, but do no damage.
The wight is lightly damaged.
You hear a shout!
The wight barely misses you.
You hit the wight. Your bite misses the wight.
The wight is moderately damaged.
The wight closely misses you.
You hit the wight but do no damage. You punch the wight. You bite the wight.
You drain its power.
You feel invigorated.
The wight is severely damaged.
The wight barely misses you. The wight closely misses you.
Unknown command.
The wight hits you with a +0 great sword of protection.
* * * LOW HITPOINT WARNING * * *
The wight closely misses you.
The wight hits you with a +0 great sword of protection!
* * * LOW HITPOINT WARNING * * *
The wight barely misses you.
A necrophage comes into view.
The wight hits you with a +0 great sword of protection!
You die...

## ##. #..## #.†.#+
##### #.#..## ##...#
#.....## ### ....#
##..#..#
###...#####.n#
#.###..
...._.z@zooZ.#####.#
###
###...#####z.o..##.#
### #.z....##!##.#
.z.#....##.##.#####
# #######o##......
#.# #o##.##### #.#
#######.##.# #.#
#...[......# #.#
#.#####.##.#


You could see a necrophage (wandering), 3 wights, 3 orcs and a water moccasin
zombie.

Vanquished Creatures
  Menkaure (D:5)
  2 black bears (D:5)
  An ogre (D:4)
  A necrophage (D:5)
  A water moccasin zombie (D:5)
  A water moccasin skeleton (D:5)
  A bullfrog zombie (D:5)
  A bullfrog skeleton (D:5)
  2 orc priests
  A jelly (D:5)
  A centaur skeleton (D:5)
  2 gnoll shamans (D:4)
  Natasha (thrice) (D:3)
  An iguana (D:4)
  4 orc wizards
  A hound zombie (D:5)
  A hound skeleton (D:5)
  4 gnolls
  5 adders
  3 worms
  A dart slug (D:5)
  16 orcs
  2 bats
  7 endoplasms
  3 giant cockroaches (D:2)
  3 goblins
  8 hobgoblins
  5 jackals
  2 quokkas
  9 ball pythons
  2 frilled lizards
  8 kobolds
  9 rats
112 creatures vanquished.

Vanquished Creatures (collateral kills)
  A centaur skeleton (D:5)
  A gnoll shaman (D:5)
  7 gnolls
9 creatures vanquished.

Grand Total: 121 creatures vanquished

Notes
Turn   | Place    | Note
-------+----------+-------------------------------------------
     0 | D:1      | zishaf the Vine Stalker Brigand began the quest for the
                  | Orb.
     0 | D:1      | Reached XP level 1. HP: 11/11 MP: 2/2
   120 | D:1      | Found a faded altar of an unknown god.
   282 | D:1      | Found Qeutwobb's Assorted Antiques.
   384 | D:1      | Reached skill level 5 in Stealth
   384 | D:1      | Reached XP level 2. HP: 12/15 MP: 3/3
   984 | D:1      | Reached XP level 3. HP: 7/19 MP: 4/4
  1348 | D:2      | Gained mutation: Your natural rate of healing is unusually
                  | fast. [Vine Stalker growth]
  1348 | D:2      | Reached XP level 4. HP: 19/23 MP: 3/5
  2245 | D:3      | Found a shimmering blue altar of Sif Muna.
  2260 | D:3      | Found a snail-covered altar of Cheibriados.
  2262 | D:3      | Found a hazy altar of Hepliaklqana.
  2267 | D:3      | Noticed Natasha
  2281 | D:3      | Killed Natasha
  2282 | D:3      | Reached XP level 5. HP: 26/28 MP: 6/6
  2307 | D:3      | Noticed Natasha
  2320 | D:3      | Killed Natasha
  2321 | D:3      | Reached skill level 6 in Stealth
  2402 | D:3      | Noticed Natasha
  2417 | D:3      | Killed Natasha
  2556 | D:3      | Reached XP level 6. HP: 18/32 MP: 4/7
  2937 | D:4      | Found a radiant altar of Vehumet.
  3193 | D:4      | Reached skill level 7 in Stealth
  3193 | D:4      | Reached XP level 7. HP: 30/37 MP: 6/8
  3370 | D:5      | Entered Level 5 of the Dungeon
  3370 | D:5      | Found a bloodstained altar of Trog.
  3414 | D:5      | Found a white marble altar of Elyvilon.
  3507 | D:5      | Reached skill level 8 in Stealth
  3507 | D:5      | Gained mutation: You have razor-sharp teeth. [Vine Stalker
                  | growth]
  3507 | D:5      | Reached XP level 8. HP: 40/42 MP: 9/9
  3566 | D:5      | Reached skill level 5 in Fighting
  3582 | D:5      | Reached skill level 5 in Short Blades
  3714 | D:5      | Noticed Menkaure
  3724 | D:5      | Killed Menkaure
  3817 | D:5      | Found an ornate altar of the Wu Jian Council.
  3829 | D:5      | Mangled by a wight

Illustrated notes

Levels and vault maps discovered:
D:1:      dpeg_arrival_brainrot, layout_rooms,
          chequers_ecumenical_altar_simple_redux, serial_shops,
          nicolae_shop_behind_doors
D:2:      layout_basic, minmay_small_reverse_x
D:3:      layout_basic, grunt_temple_overflow_open, old_standard_altar,
          dk_vineyard_3, uniq_natasha
D:4:      layout_rooms, lemuel_coloured_pillars_altar
D:5:      layout_loops_ring, trog_ov_bears_minmay,
          mainiacjoe_overflow_surrounded_room, nemelex_diamond_rough_becter,
          tso_altar, marbit_many_paths, enter_ossuary_1, serial_undead,
          serial_undead_e, serial_undead_f, serial_undead_c, serial_undead_d,
          minmay_misc_feat_doors, uniq_menkaure

Skill      XL: |  1  2  3  4  5  6  7  8 |
---------------+-------------------------+-----
Stealth        | 5 6 7 8 |  8.0
Fighting       | 2 3 4 5 |  5.8
Short Blades   | 2 3 4 5 |  5.7
Throwing       | 2 3 |  3.0
Dodging        | |  0.7

Action                   |  1- 3 |  4- 6 |  7- 9 || total
-------------------------+-------+-------+-------++-------
Melee: Dagger            |    66 |   207 |   214 ||   487
       Bite              |    19 |    56 |    78 ||   153
       Punch             |       |     2 |     4 ||     6
Throw: Dart              |       |     8 |     1 ||     9
  Use: Scroll            |       |    13 |     1 ||    14
 Stab: Sleeping          |     4 |    12 |     4 ||    20
       Distracted        |       |       |     1 ||     1
Armor: Robe              |    19 |     9 |       ||    28
       Ring mail         |       |    40 |   147 ||   187
Dodge: Dodged            |    46 |    94 |   120 ||   260

Table legend: (Time is in decaauts)
 A = Elapsed time spent in this place.
 B = Non-inter-level travel time spent in this place.
 C = Inter-level travel time spent in this place.
 D = Time resting spent in this place.
 E = Time spent auto-exploring this place.
 F = Levels seen in this place.
 G = Mean time per level.
                   A        B        C        D        E       F      G
               +--------+--------+--------+--------+--------+-----+--------+
         Total |   3749 |   3614 |    135 |    606 |   1820 |   5 |  749.8 |
       Dungeon |   3749 |   3614 |    135 |    606 |   1820 |   5 |  749.8 |
               +--------+--------+--------+--------+--------+-----+--------+

Top non-repeatable levels by time:
     D:1: 1318 daAuts
     D:2: 810 daAuts
     D:3: 684 daAuts
     D:4: 524 daAuts
     D:5: 411 daAuts
